AoeStats
← Leão

Lombardia

507369557Analyzed
2v2 RM · 15d ago on Sep 17, 2026· 21m 54s· 4 players
Game mode
Random Map
Map size
Medium (4 player)
Population
200
Speed
Normal
Resources
Standard
Victory
Conquest
Starting age
Dark Age
Ending age
Imperial Age
RankedLock teamsTeams togetherTeam positionsShared explorationLock speedFull tech treeHidden civsTurbo modeCheats
Victory
Defeat
🇧🇷 Khmer · Brazil
1333
+13
🇧🇷 Mongols · Brazil
1295
+14
🇦🇷 Magyars · Argentina
1272
-14
🇲🇽 Koreans · Mexico
1248
-13
El kaiser
10:58 Feudal Age
9:15 Loom
11:58 Feudal Age
13:14 Double-Bit Axe
16:32 Fletching
23:17 Castle Age
SergioH26
11:14 Feudal Age
12:54 Double-Bit Axe
13:29 Horse Collar
19:55 Fletching
20:26 Loom
Leão
6:30 Loom
8:52 Feudal Age
10:26 Double-Bit Axe
12:41 Fletching
21:09 Padded Archer Armor
wandersonkilim
9:44 Feudal Age
8:04 Loom
10:07 Feudal Age
13:29 Castle Age
11:32 Double-Bit Axe
18:45 Scale Barding Armor
21:28 Chain Barding Armor
Connection lost

Rejoining the realm…

Still unreachable

The connection could not be restored.

Session expired

The server has moved on; the page needs a fresh start.